 Dungeon Crawl Stone Soup version 0.21.1-1-g345015f (webtiles) character file.

357 nightchill the Firebug (level 6, -1/50 HPs)
             Began as a Draconian Fire Elementalist on July 1, 2018.
             Was an Initiate of Vehumet.
             Shot with an arrow by a centaur (2 damage)
             ... on level 5 of the Dungeon.
             The game lasted 00:30:37 (5498 turns).

nightchill the Firebug (DrFE)                       Turns: 5498, Time: 00:30:40

Health: -1/50      AC:  6    Str: 10    XL:     6   Next: 37%
Magic:  10/10      EV: 12    Int: 21    God:    Vehumet [......]
Gold:   191        SH:  0    Dex: 12    Spells: 5/11 levels left

rFire    . . .     SeeInvis .   b - +1 hunting sling
rCold    . . .     Gourm    .   (no shield)
rNeg     . . .     Faith    .   (armour unavailable)
rPois    .         Spirit   .   (helmet restricted)
rElec    .         Reflect  .   (no cloak)
rCorr    .         Harm     .   (no gloves)
MR       .....                  (no boots)
Stlth    ++........             (no amulet)
HPRegen  0.16/turn              g - +4 ring of intelligence
MPRegen  0.12/turn              (no ring)

@: flying
A: unfitting armour, cold-blooded, AC +6
a: Renounce Religion


You were on level 5 of the Dungeon.
You worshipped Vehumet.
Vehumet was noncommittal.
You were not hungry.

You visited 1 branch of the dungeon, and saw 5 of its levels.

You collected 191 gold pieces.

Inventory:

Hand Weapons
 a - a +1 short sword of venom
 b - a +1 hunting sling (weapon)
 l - a +0 spear
 n - a +2 vampiric spear
 r - a +0 dagger
 t - a +2 dagger of chaos
Missiles
 d - 74 stones (quivered)
 p - 11 poisoned needles
Jewellery
 g - a +4 ring of intelligence (left hand)
Scrolls
 m - 2 scrolls of magic mapping
Potions
 c - a potion of might
 j - a potion of cancellation
Books
 e - a book of Flames

   Spells                             Type                      Level
   a - Flame Tongue                   Conjuration/Fire             1
   b - Throw Flame                    Conjuration/Fire             2
   c - Conjure Flame                  Conjuration/Fire             3
   d - Inner Flame                    Hexes/Fire                   3
   e - Sticky Flame                   Conjuration/Fire             4
   f - Fireball                       Conjuration/Fire             5
Comestibles
 f - 3 chunks of flesh
 i - 7 rations


   Skills:
 + Level 2.6 Fighting
 - Level 1.7 Dodging
 - Level 1.7 Stealth
 + Level 3.0 Spellcasting
 * Level 3.7 Conjurations
 * Level 4.9 Fire Magic


You had 5 spell levels left.
You knew the following spells:

 Your Spells              Type           Power        Failure   Level  Hunger
a - Flame Tongue          Conj/Fire      ###..        2%          1    None
b - Throw Flame           Conj/Fire      ###...       3%          2    ##.....
c - Conjure Flame         Conj/Fire      ###.....     7%          3    ###....


Dungeon Overview and Level Annotations

Branches:
Dungeon (5/15)
 Temple: D:4-7

Altars:
Dithmenos
Hepliaklqana
Nemelex Xobeh
Trog
Vehumet
Xom
The Shining One

Annotations:
D:1 exclusion: 2 doors
D:3 exclusions: downstairs and 1 more exclusion
D:4 Duvessa


Innate Abilities, Weirdness & Mutations

Your plain brown scales are hard. (AC +6)
You cannot fit into any form of body armour.
You are cold-blooded and may be slowed by cold attacks.


Message History

You fly up into the air.
The centaur shoots an arrow.
The arrow hits you!
The centaur shoots an arrow.
The arrow closely misses you.
The centaur shoots an arrow.
The arrow hits you.
Okay, then.
The centaur shoots an arrow.
The arrow hits you!
* * * LOW HITPOINT WARNING * * *
You see here an arrow.
The centaur shoots an arrow.
The arrow hits you!
* * * LOW HITPOINT WARNING * * *
You see here an arrow.
Firing (i - inventory):
d - 75 stones (quivered)
Press: ? - help, Shift-Dir - straight line, f/p - centaur
Aim: a centaur, wielding a shortbow You shoot a stone.
The stone hits the centaur but does no damage.
The centaur shoots an arrow.
The arrow barely misses you.
The centaur shoots an arrow.
The arrow hits you.
* * * LOW HITPOINT WARNING * * *
The centaur shoots an arrow.
The arrow hits you.
You die...

### #<# #.# #.# #######.#
........# ...######
######### ...####
######(.((...#
......####...##.@..(..#
......#...............#
......#..............(#
......#...............#
......####...#....cc..#
......##.....#..........
.........................
##.............)....(.....
#........................


You could see 2 centaurs.

Vanquished Creatures
  An ogre (D:4)
  2 hounds (D:4)
  A worker ant (D:3)
  A howler monkey skeleton (D:4)
  10 gnolls
  An adder (D:4)
  2 worms (D:2)
  A dart slug (D:1)
  A leopard gecko (D:4)
  8 orcs
  8 bats
  3 giant cockroaches
  6 hobgoblins
  3 jackals (D:2)
  8 kobolds
  A quokka (D:3)
  A ball python (D:1)
  3 frilled lizards
  A leopard gecko skeleton (D:5)
  4 rats
66 creatures vanquished.

Notes
Turn   | Place    | Note
-------+----------+-------------------------------------------
     0 | D:1      | nightchill the Draconian Fire Elementalist began the quest for the Orb.
     0 | D:1      | Reached XP level 1. HP: 14/14 MP: 3/3
   325 | D:1      | Reached XP level 2. HP: 22/22 MP: 1/5
   488 | D:1      | Learned a level 2 spell: Throw Flame
   936 | D:1      | Found a shadowy altar of Dithmenos.
  1385 | D:2      | Reached skill level 1 in Fighting
  1659 | D:2      | Reached XP level 3. HP: 28/28 MP: 4/6
  1749 | D:2      | Learned a level 3 spell: Conjure Flame
  2513 | D:3      | Reached XP level 4. HP: 35/35 MP: 4/7
  2693 | D:3      | Noticed a moth of wrath
  2696 | D:3      | Found a bloodstained altar of Trog.
  2913 | D:3      | Found a shimmering altar of Xom.
  2992 | D:3      | Found a shimmering altar of Xom.
  3281 | D:3      | Found a faded altar of an unknown god.
  3363 | D:3      | Reached skill level 4 in Fire Magic
  3828 | D:4      | Found a hazy altar of Hepliaklqana.
  3946 | D:4      | Found a glowing golden altar of the Shining One.
  4154 | D:4      | Found a radiant altar of Vehumet.
  4159 | D:4      | Became a worshipper of Vehumet
  4499 | D:3      | Reached XP level 5. HP: 37/41 MP: 1/8
  5158 | D:4      | Noticed an ogre
  5213 | D:4      | Killed an ogre
  5213 | D:4      | Reached XP level 6. HP: 50/50 MP: 6/10
  5373 | D:4      | Noticed Duvessa
  5401 | D:5      | Entered Level 5 of the Dungeon
  5464 | D:5      | Found a sparkling altar of Nemelex Xobeh.
  5498 | D:5      | HP: 1/50 [centaur/arrow (2)]
  5498 | D:5      | Shot with an arrow by a centaur

Skill      XL: |  1  2  3  4  5  6 |
---------------+-------------------+-----
Fighting       | 1 2 |  2.6
Conjurations   | 2 3 |  3.7
Fire Magic     | 4 |  4.9
Spellcasting   | 3 |  3.0
Dodging        | |  1.7
Stealth        | |  1.7

Action                   |  1- 3 |  4- 6 || total
-------------------------+-------+-------++-------
Melee: Dagger            |     3 |       ||     3
       Short sword       |       |     1 ||     1
 Fire: Hunting sling     |    56 |    58 ||   114
Throw: Stone             |    19 |       ||    19
 Cast: Flame Tongue      |    41 |    47 ||    88
       Conjure Flame     |     3 |     3 ||     6
       Throw Flame       |     1 |     2 ||     3
  Use: Scroll            |     3 |    11 ||    14
       Potion            |       |     3 ||     3
  Eat: Chunk             |     6 |     6 ||    12
       Ration            |       |     1 ||     1
Armor: Skin              |    13 |    11 ||    24
Dodge: Dodged            |    21 |    43 ||    64
